 Dungeon Crawl Stone Soup version 0.21-a0-142-gdd972a7 (webtiles) character file.

4811 sscrono2 the Covert (level 10, -16/68 HPs)
             Began as an Octopode Assassin on July 21, 2017.
             Was a Follower of Uskayaw.
             Demolished by a two-headed ogre
             ... wielding a +0 giant spiked club
              (29 damage)
             ... on level 8 of the Dungeon.
             The game lasted 00:11:02 (7694 turns).

sscrono2 the Covert (Octopode Assassin)             Turns: 7694, Time: 00:11:03

Health: -16/68     AC:  1    Str: 13    XL:     10   Next: 48%
Magic:  16/16      EV: 16    Int: 14    God:    Uskayaw [*.....]
Gold:   433        SH:  0    Dex: 14    Spells: 9/9 levels left

rFire    . . .     SeeInvis .   a - +2 dagger (venom)
rCold    . . .     Gourm    .   (no shield)
rNeg     . . .     Faith    .   (helmet restricted)
rPois    .         Spirit   .   (no amulet)
rElec    .         Reflect  .   s - +3 ring of slaying
rCorr    .         Harm     .   (no ring)
MR       .....                  (no ring)
Stlth    +++++.....             (no ring)
HPRegen  0.21/turn              (no ring)
MPRegen  0.15/turn              (no ring)
                                (no ring)
                                (no ring)

@: no status effects
A: almost no armour, stealthy swim, amphibious, 8 rings, constrict 8, camouflage
1, gelatinous body 1
a: Stomp, Renounce Religion


You were on level 8 of the Dungeon.
You worshipped Uskayaw.
Uskayaw was aware of your devotion.
You were not hungry.

You visited 2 branches of the dungeon, and saw 9 of its levels.

You collected 445 gold pieces.
You donated 12 gold pieces to Zin.

Inventory:

Hand Weapons
 a - a +2 dagger of venom (weapon)
 b - a +0 blowgun
Missiles
 c - 53 poisoned needles
 d - 2 curare-tipped needles
 w - 2 throwing nets (quivered)
 C - 3 needles of sleeping
Jewellery
 h - an uncursed ring of see invisible {unknown}
 s - a +3 ring of slaying (left tentacle)
 t - an uncursed ring of poison resistance {unknown}
 D - an uncursed ring of stealth {unknown}
 F - a cursed ring of teleportation {unknown}
 J - a cursed +3 ring of strength {unknown}
Wands
 A - a wand of confusion (13/48)
 H - a wand of confusion (26/48)
Scrolls
 g - a scroll of immolation
 i - 4 scrolls of teleportation
 k - 2 scrolls of recharging
 o - a scroll of remove curse {unknown}
 q - a scroll of noise {unknown}
 r - 2 scrolls of fear
 y - 2 scrolls of blinking
 B - a scroll of fog {unknown}
 G - a scroll of amnesia {unknown}
 I - 2 scrolls of brand weapon {unknown}
 K - a scroll of random uselessness {unknown}
Potions
 e - a potion of resistance {unknown}
 j - 3 potions of mutation {unknown}
 l - a potion of degeneration {unknown}
 m - 3 potions of curing {unknown}
 n - a potion of berserk rage {unknown}
 p - 2 potions of brilliance {unknown}
 u - 2 potions of might {unknown}
 z - a potion of agility {unknown}
 L - a potion of ambrosia {unknown}
Comestibles
 f - 8 bread rations
 v - 4 meat rations
 x - 6 fruits
 E - 6 royal jellies
 M - 11 chunks of flesh


   Skills:
 + Level 6.1 Fighting
 - Level 8.0 Short Blades
 - Level 2.0 Throwing
 + Level 5.9 Dodging
 + Level 9.8 Stealth
 * Level 8.9 Invocations


You had 9 spell levels left.
You didn't know any spells.

Dungeon Overview and Level Annotations

Branches:
Dungeon (8/15)             Temple (1/1) D:5
   Lair: D:8-11

Altars:
Ashenzari
Cheibriados
Dithmenos
Elyvilon
Fedhas
Gozag
Hepliaklqana
Kikubaaqudgha
Makhleb
Okawaru
Qazlal
Ru
Sif Muna
Trog
Uskayaw
Vehumet
Wu Jian
Xom
Yredelemnul
Zin
The Shining One


Innate Abilities, Weirdness & Mutations

You cannot wear most types of armour.
You are very stealthy in the water. (Stealth+)
You are amphibious.
You can wear up to eight rings at the same time.
You can use your tentacles to constrict eight enemies at once.
Your skin changes colour to match your surroundings (Stealth+).
Your rubbery body absorbs attacks. (AC +1, EV +1)


Message History

You barely miss the centaur. You squeeze the centaur.
You kill the centaur!
Things that are here:
an uncursed shortbow; 16 arrows You can no longer pass through a line of other dancers.
Found a falchion.
A sky beast comes into view.
No target in view!
Found a scroll of immolation.
A leopard gecko and a two-headed ogre come into view.
Found a robe.
The helpless sky beast fails to defend itself.
You perforate the sky beast like a sieve!!!!
You kill the sky beast!
The two-headed ogre shouts in stereo!
The two-headed ogre hits you with a giant spiked club!!!
Ouch! That really hurt!
* * * LOW HITPOINT WARNING * * *
The two-headed ogre hits you with a giant club!!
You die...

#..##.....##
#..#...(...#
#..#.......#
#......_....
#..#.....[.#
#..#.......#
#..##.....##
########..####.####
#O@.....)..?.[.....
#.......####.#l.##.
#.......# .. ##
#.......# .. #)
#.......# ##..
#.......# ###
######.## #.# ####


You could see a two-headed ogre.

Vanquished Creatures
  3 hippogriffs
  A human (D:7)
  4 hogs (D:7)
  Duvessa (D:4)
  An orc warrior (D:7)
  2 ice beasts
  A black bear (D:7)
  A hornet zombie (D:7)
  A sky beast (D:8)
  A phantom (D:6)
  2 centaurs (D:8)
  4 ogres
  A big kobold (D:7)
  5 bullfrogs
  A gnoll sergeant (D:4)
  Dowan (D:4)
  2 scorpions
  3 jellies
  6 killer bees (D:8)
  A howler monkey (D:5)
  8 wights (D:7)
  4 crimson imps
  2 bullfrog skeletons
  A quasit (D:6)
  A bullfrog zombie (D:6)
  A hound (D:4)
  2 orc priests
  A centaur skeleton (D:4)
  3 iguanas
  3 orc wizards
  8 worker ants
  A hound zombie (D:7)
  A howler monkey zombie (D:8)
  2 worker ant zombies
  4 gnolls (D:4)
  8 adders
  3 shadow imps
  An ooze (D:7)
  An adder zombie (D:6)
  A worm (D:5)
  A dart slug (D:5)
  4 leopard geckos
  21 orcs
  2 giant cockroaches
  7 goblins
  5 hobgoblins
  17 jackals
  6 quokkas
  3 ball pythons
  8 bats
  11 frilled lizards
  9 kobolds
  A quokka skeleton (D:4)
  A quokka zombie (D:8)
  9 rats
203 creatures vanquished.

Notes
Turn   | Place    | Note
-------+----------+-------------------------------------------
     0 | D:1      | sscrono2 the Octopode Assassin began the quest for the Orb.
     0 | D:1      | Reached XP level 1. HP: 14/14 MP: 1/1
   176 | D:1      | Reached XP level 2. HP: 9/19 MP: 2/2
   497 | D:1      | You fall through a shaft!
   543 | D:2      | Found a basalt altar of Yredelemnul.
   820 | D:2      | Reached XP level 3. HP: 25/25 MP: 3/3
  1279 | D:1      | Reached XP level 4. HP: 28/30 MP: 4/4
  1519 | D:2      | Found a faded altar of an unknown god.
  1598 | D:2      | Became a worshipper of Zin the Law-Giver
  1598 | D:2      | Reached * piety under Zin
  1598 | D:2      | Reached ** piety under Zin
  2083 | D:3      | Reached skill level 1 in Invocations
  2148 | D:3      | Found a glowing golden altar of the Shining One.
  2231 | D:3      | Noticed a dagger
  2232 | D:3      | Noticed a hand axe
  2232 | D:3      | Found a hide-covered altar of Uskayaw.
  2243 | D:3      | Fell from the grace of Zin
  2243 | D:3      | Became a worshipper of Uskayaw the Reveler
  2285 | D:3      | Reached * piety under Uskayaw
  2290 | D:3      | Reached ** piety under Uskayaw
  2291 | D:3      | Reached XP level 5. HP: 26/35 MP: 5/5
  2331 | D:3      | Found a sacrificial altar of Ru.
  2799 | D:4      | Noticed Dowan
  2801 | D:4      | Noticed Duvessa
  2840 | D:4      | Killed Dowan
  2840 | D:4      | Reached skill level 6 in Stealth
  2840 | D:4      | Reached XP level 6. HP: 21/42 MP: 7/7
  3075 | D:4      | Killed Duvessa
  3208 | D:4      | Reached XP level 7. HP: 29/46 MP: 9/9
  3534 | D:4      | Found a white marble altar of Elyvilon.
  3702 | D:4      | Reached skill level 5 in Short Blades
  3956 | D:4      | Found a burning altar of Makhleb.
  4096 | D:5      | Entered Level 5 of the Dungeon
  4216 | D:5      | Reached skill level 7 in Stealth
  4563 | D:5      | Reached XP level 8. HP: 43/54 MP: 11/11
  4563 | D:5      | Reached *** piety under Uskayaw
  4858 | D:5      | Found a staircase to the Ecumenical Temple.
  4972 | Temple   | Entered the Ecumenical Temple
  5188 | D:6      | Reached skill level 5 in Invocations
  5359 | D:6      | Found a bloodstained altar of Trog.
  5388 | D:6      | Reached skill level 8 in Stealth
  5616 | D:6      | Reached XP level 9. HP: 53/59 MP: 13/13
  5868 | D:7      | Reached **** piety under Uskayaw
  5883 | D:7      | Reached ***** piety under Uskayaw
  6396 | D:7      | Reached skill level 5 in Fighting
  6418 | D:7      | Reached skill level 5 in Dodging
  6946 | D:7      | Reached skill level 9 in Stealth
  7011 | D:7      | Reached XP level 10. HP: 56/66 MP: 15/15
  7668 | D:8      | Found an ancient bone altar of Kikubaaqudgha.
  7687 | D:8      | Noticed a two-headed ogre
  7694 | D:8      | Demolished by a two-headed ogre

Vault maps used:
D:1:      scummos_arrival_hexagon
D:2:      lemuel_doored_altar, chequers_ecumenical_altar_simple
D:3:      dancing_weapons_uskayaw, nicolae_ru_great_annihilating_truth,
          tso_altar
D:4:      lemuel_round_altar, makhleb_blood_cavern_becter, interstate_on_off,
          lightli_minifort, uniq_duvessa
D:5:      wad_lake_hut, minmay_temple_entry_nine_rooms, first_bread
D:6:      bloody_trog
D:7:      st_stairs_12, grunt_livestock
D:8:      old_standard_altar, minmay_misc_feat_square
Temple:   nicolae_temple_x_marks_the_god

Skill      XL: |  1  2  3  4  5  6  7  8  9 10 |
---------------+-------------------------------+-----
Short Blades   | 3 4 5 6 7 8 |  8.0
Invocations    | 1 2 3 4 6 7 8 |  8.9
Dodging        | 2 3 4 5 |  5.9
Fighting       | 3 4 5 6 |  6.1
Stealth        | 6 7 8 9 |  9.8
Throwing       | |  2.0

Action                   |  1- 3 |  4- 6 |  7- 9 | 10-12 || total
-------------------------+-------+-------+-------+-------++-------
Melee: Dagger            |    58 |   130 |   196 |    45 ||   429
       Constrict         |    15 |    25 |    38 |     6 ||    84
       Tentacles         |     5 |    21 |    36 |    11 ||    73
 Fire: Blowgun           |       |    15 |     9 |       ||    24
Invok: Stomp             |       |       |     6 |     5 ||    11
       Line Pass         |       |       |     1 |       ||     1
Evoke: Wand              |       |       |     3 |       ||     3
  Use: Scroll            |       |       |       |     5 ||     5
       Potion            |       |       |       |     3 ||     3
 Stab: Sleeping          |     9 |    11 |    22 |    11 ||    53
       Confused          |       |       |     3 |       ||     3
       Distracted        |       |       |     2 |     1 ||     3
       Paralysed         |       |       |     5 |     4 ||     9
  Eat: Chunk             |     1 |     6 |    13 |     3 ||    23
Armor: Skin              |     6 |     5 |       |       ||    11
Dodge: Dodged            |    24 |    69 |    80 |    39 ||   212
